 Dungeon Crawl Stone Soup version 0.23-a0-449-g8e4cbf7 (webtiles) character file.

121 theanonym the Slasher (level 4, -3/41 HPs)
             Began as a Minotaur Monk on Nov 22, 2018.
             Was a Plaything of Xom.
             Shot with an arrow by a centaur (11 damage)
             ... on level 3 of the Dungeon.
             The game lasted 00:03:18 (2144 turns).

theanonym the Slasher (Minotaur Monk)               Turns: 2144, Time: 00:03:18

Health: -3/41      AC:  2    Str: 16    XL:     4   Next: 76%
Magic:  12/12      EV: 19    Int:  7    God:    Xom [..*...]
Gold:   92         SH:  0    Dex: 18    Spells: 3/3 levels left

rFire    . . .     SeeInvis .   a - +0 falchion
rCold    . . .     Gourm    .   (no shield)
rNeg     . . .     Faith    .   b - +0 robe
rPois    .         Spirit   .   (helmet restricted)
rElec    .         Reflect  .   (no cloak)
rCorr    .         Harm     .   (no gloves)
MR       .....                  (no boots)
Stlth    +++.......             (no amulet)
HPRegen  0.13/turn              j - ring of magical power
MPRegen  0.13/turn              (no ring)

@: agile
A: retaliatory headbutt, horns 2
a: Renounce Religion


Innate Abilities, Weirdness & Mutations

You reflexively headbutt those who attack you in melee.
You have a pair of horns on your head.


   Skills:
 + Level 4.8 Fighting
 * Level 5.9 Long Blades
 - Level 3.2 Dodging
 - Level 1.5 Stealth


You had 3 spell levels left.
You didn't know any spells.
Your spell library was empty.

Skill      XL: |  1  2  3 |
---------------+----------+-----
Long Blades    | 4 5 |  5.9
Fighting       | 4 |  4.8
Dodging        | |  3.2
Stealth        | |  1.5

Action                   |  1- 3 |  4- 6 || total
-------------------------+-------+-------++-------
Melee: Falchion          |    80 |    45 ||   125
       Headbutt          |    17 |     9 ||    26
  Use: Potion            |     2 |     1 ||     3
       Scroll            |     1 |       ||     1
 Stab: Sleeping          |     2 |     3 ||     5
  Eat: Chunk             |       |     3 ||     3
Armor: Robe              |     9 |     3 ||    12
Dodge: Dodged            |    59 |    21 ||    80
       Rpst.: Falchion   |    15 |     3 ||    18

Inventory:

Hand Weapons
 a - a +0 falchion (weapon)
Armour
 b - a +0 robe (worn)
Jewellery
 j - a ring of magical power (left hand)
   (You found it on level 2 of the Dungeon)
Scrolls
 c - a scroll of amnesia {unknown}
 d - 2 scrolls of fear {unknown}
 g - a scroll of enchant weapon {unknown}
 h - a scroll of teleportation {unknown}
 k - a scroll of enchant armour {unknown}
 n - 2 scrolls of remove curse
Potions
 f - a potion of lignification {unknown}
 i - a potion of haste {unknown}
 w - 2 potions of curing
Comestibles
 e - 5 rations


You were on level 3 of the Dungeon.
You worshipped Xom.
You were a toy of Xom.
You were hungry.

You visited 1 branch of the dungeon, and saw 3 of its levels.

You collected 92 gold pieces.

Dungeon Overview and Level Annotations

Branches:
Dungeon (3/15)

Altars:
Okawaru
Trog
Xom
Zin

#.# #.# #.# #.###
#... ##.##
#.######b.b#######
#..c.(@(b.....!..
##.######.#.#####
## #.#....
#.#..#####
#.###.#.......
#....#...#
#####.#..#
#######.#..#
........#..#


You could see a centaur.

Notes
Turn   | Place    | Note
-------+----------+-------------------------------------------
     0 | D:1      | theanonym the Minotaur Monk began the quest for the Orb.
     0 | D:1      | Reached XP level 1. HP: 19/19 MP: 0/0
    39 | D:1      | Reached skill level 4 in Long Blades
    56 | D:1      | Reached XP level 2. HP: 22/27 MP: 1/1
    97 | D:1      | HP: 13/27 [goblin/+0 club (3)]
   105 | D:1      | HP: 10/27 [goblin/+0 club (4)]
   111 | D:1      | Reached skill level 4 in Fighting
   511 | D:1      | Reached XP level 3. HP: 26/33 MP: 2/2
   760 | D:2      | Reached skill level 5 in Long Blades
   862 | D:2      | Found a glowing silver altar of Zin.
   866 | D:2      | theanonym: ??zin
   866 | D:2      | beem: zin[1/3]: Zin gives mutation resistance (growing to
                  | immunity at max piety), {recite} (enchantment-type effects
                  | on enemies), {vitalisation} (protection from debuffs),
                  | {imprison} (tomb other), {sanctuary} (creates a temporary
                  | attack-free zone), and passive lifesaving. At ******
                  | potions of mutation just cure muts, and are permitted.
                  | Dislikes transmutations.
   866 | D:2      | theanonym: ??zin[2
   866 | D:2      | beem: zin[2/3]: Gives half piety for gold collected in the
                  | Orcish Mines.
   866 | D:2      | theanonym: ??zin[3
   866 | D:2      | beem: zin[3/3]: roses are red / violets are blue / dying
                  | with zin / is hard to do
   866 | D:2      | theanonym: ??zin wrath
   866 | D:2      | beem: zin wrath[1/1]: No effect unless worshipping an evil
                  | or chaotic god. Recite (either sleep, confusion or
                  | paralysis), removes all good mutations, makes you hungry or
                  | makes noise.
   895 | D:2      | HP: 13/34 [gnoll (8)]
   900 | D:2      | HP: 9/34 [poisoned by a gnoll]
   902 | D:2      | HP: 4/34 [gnoll/+0 whip of venom (2)]
   914 | D:2      | Reached XP level 4. HP: 14/41 MP: 3/3
  1230 | D:2      | Found a shimmering altar of Xom.
  1238 | D:2      | Became a worshipper of Xom of Many Doors
  1321 | D:2      | Found an iron altar of Okawaru.
  1414 | D:2      | XOM: divination: detect items
  1484 | D:2      | HP: 20/41 [worm (3)]
  1942 | D:2      | XOM: harmless Tmut miscast
  2074 | D:3      | Found a bloodstained altar of Trog.
  2125 | D:3      | Noticed a centaur
  2130 | D:3      | XOM: butterfly on damage
  2131 | D:3      | XOM: confuse monster(s)
  2143 | D:3      | HP: 12/41 [centaur/arrow (11)]
  2144 | D:3      | Shot with an arrow by a centaur

Vanquished Creatures
  An adder (D:2)
  3 gnolls (D:2)
  An ooze (D:1)
  An adder skeleton (D:2)
  4 worms (D:2)
  4 dart slugs
  2 leopard geckos
  6 goblins
  7 hobgoblins
  7 kobolds
  2 quokkas (D:2)
  8 bats
  4 frilled lizards
  7 rats
57 creatures vanquished.

Table legend:
 A = Turns spent in this place as a percentage of turns spent in the entire game.
 B = Non-inter-level travel turns spent in this place as a percentage of non-inter-level travel turns spent in the entire game.
 C = Inter-level travel turns spent in this place as a percentage of turns spent in this place.
 D = Turns resting spent in this place as a percentage of non-inter-level travel turns spent in this place.
 E = Turns spent auto-exploring this place as a percentage of non-inter-level travel turns spent in this place.
 F = Non-inter-level travel turns spent in this place divided by the number of levels of this place that you've seen.
                   A       B       C       D       E      F
               +-------+-------+-------+-------+-------+----------------------
         Total | 100.0 | 100.0 |   4.8 |  34.2 |  50.4 | 680.3
       Dungeon | 100.0 | 100.0 |   4.8 |  34.2 |  50.4 | 680.3
               +-------+-------+-------+-------+-------+----------------------
